 Dungeon Crawl Stone Soup version 0.21-a0-265-gb353147 (webtiles) character file.

67 Jail the Skirmisher (level 4, -1/49 HPs)
             Began as an Ogre Gladiator on Sept 10, 2017.
             Slain by an adder (5 damage)
             ... on level 2 of the Dungeon.
             The game lasted 00:03:03 (1438 turns).

Jail the Skirmisher (Ogre Gladiator)                Turns: 1438, Time: 00:03:03

Health: -1/49      AC:  3    Str: 19    XL:     4   Next: 16%
Magic:  4/4        EV: 10    Int:  9    God:
Gold:   71         SH:  0    Dex: 10    Spells: 3/3 levels left

rFire    . . .     SeeInvis .   a - +0 flail
rCold    . . .     Gourm    .   (no shield)
rNeg     . . .     Faith    .   b - +0 robe
rPois    .         Spirit   .   c - +0 hat
rElec    .         Reflect  .   (no cloak)
rCorr    .         Harm     .   (gloves unavailable)
MR       .....                  (boots unavailable)
Stlth    +.........             (no amulet)
HPRegen  0.16/turn              (no ring)
MPRegen  0.09/turn              (no ring)

@: lethally poisoned (-1 -> -7), hasted, very quick
A: unfitting armour, tough skin 1
a: no special abilities


You were on level 2 of the Dungeon.
You were not hungry.

You visited 1 branch of the dungeon, and saw 2 of its levels.

You collected 71 gold pieces.

Inventory:

Hand Weapons
 a - a +0 flail (weapon)
Missiles
 d - 3 throwing nets (quivered)
Armour
 b - a +0 robe (worn)
 c - a +0 hat (worn)
Jewellery
 e - an uncursed ring of see invisible {unknown}
Scrolls
 h - a scroll of amnesia {unknown}
 j - 4 scrolls of identify {unknown}
 l - a scroll of enchant armour {unknown}
Potions
 i - a potion of flight {unknown}
 m - a potion of lignification {unknown}
Comestibles
 f - a bread ration
 k - a fruit


   Skills:
 + Level 4.5 Fighting
 + Level 3.6 Maces & Flails
 - Level 2.0 Throwing
 - Level 2.6 Dodging


You had 3 spell levels left.
You didn't know any spells.

Dungeon Overview and Level Annotations

Branches:
Dungeon (2/15)

Altars:


Innate Abilities, Weirdness & Mutations

You are too large for most types of armour.
You have tough skin. (AC +1)


Message History

You barely miss the adder.
You feel sick. The adder bites you.
You closely miss the adder.
You feel sick. The adder closely misses you. The adder bites you.
You barely miss the adder. The adder bites you but does no damage.
The adder barely misses you.
You hit the adder but do no damage. The adder barely misses you.
You closely miss the adder.
You feel sick. The adder misses you. The adder closely misses you.
You completely miss the adder. The adder bites you.
* * * LOW HITPOINT WARNING * * *
You hit the adder.
The adder is moderately wounded.
You feel sick. The adder bites you.
* * * LOW HITPOINT WARNING * * *
The adder bites you.
* * * LOW HITPOINT WARNING * * *
You are lethally poisoned!
The adder poisons you!
It was a potion of haste.
You feel yourself speed up. The adder bites you.
You die...

#.........# ##.#
.........# ##.#
#........# #..#
#........# #.##
#..g.....# #.#
#####........##
#.#
...............
#.# #.###.# #.#
#.S@..### ##.#
####..#.# ##..#
#.......#### #..##
##.#..###..####.##
#.#......##.##.#
##....##..##.##.#
#...#.##..##.##(#
#.#.............#
#.#.#.######.####


You could see an adder.

Vanquished Creatures
  2 adders (D:2)
  A worm (D:2)
  A dart slug (D:1)
  A leopard gecko (D:2)
  2 bats (D:2)
  A giant cockroach (D:1)
  12 goblins
  5 hobgoblins
  2 kobolds (D:2)
  A ball python (D:2)
  5 frilled lizards
  8 rats
41 creatures vanquished.

Notes
Turn   | Place    | Note
-------+----------+-------------------------------------------
     0 | D:1      | Jail the Ogre Gladiator began the quest for the Orb.
     0 | D:1      | Reached XP level 1. HP: 22/22 MP: 1/1
    19 | D:1      | Reached skill level 3 in Fighting
    90 | D:1      | Reached XP level 2. HP: 31/31 MP: 2/2
  1058 | D:2      | Reached XP level 3. HP: 38/39 MP: 3/3
  1271 | D:2      | Reached skill level 4 in Fighting
  1390 | D:2      | Reached XP level 4. HP: 35/49 MP: 4/4
  1438 | D:2      | Slain by an adder

Vault maps used:
D:1:      dpeg_arrival_arbitrary_b
D:2:      amethyst_killhole

Skill      XL: |  1  2  3 |
---------------+----------+-----
Fighting       | 3 4 |  4.5
Maces & Flails | 3 |  3.6
Throwing       | |  2.0
Dodging        | |  2.6

Action                   |  1- 3 |  4- 6 || total
-------------------------+-------+-------++-------
Melee: Flail             |   106 |    14 ||   120
  Use: Potion            |       |     1 ||     1
 Stab: Sleeping          |     2 |       ||     2
  Eat: Chunk             |     1 |     1 ||     2
Armor: Robe              |    25 |     3 ||    28
Dodge: Dodged            |    62 |     9 ||    71

Table legend:
 A = Spawn XP
 B = Non-spawn XP
 C = Spawn XP percentage of total XP
 D = Spawn monster count
 E = Non-spawn monster count
 F = Spawn count percentage of total count
 G = Total turns spent on level
                    A         B        C        D         E        F      G
               +---------+---------+-------+---------+---------+-------+---------
         Total |       0 |      96 |   0.0 |       0 |      41 |   0.0 |  1438
               +---------+---------+-------+---------+---------+-------+---------
           D:1 |       0 |      29 |   0.0 |       0 |      18 |   0.0 |  1026
           D:2 |       0 |      67 |   0.0 |       0 |      23 |   0.0 |   412
               +---------+---------+-------+---------+---------+-------+---------
